 Dungeon Crawl Stone Soup version 0.31-a0-744-gbc345e7fcb (webtiles) character file.

Game seed: 8714101757092207945

1554 Mazout the Firebug (level 8, -6/60 HPs)
             Began as a Demonspawn Fire Elementalist on Sept 13, 2023.
             Was an Initiate of Gozag.
             Mangled by an orc warrior
             ... wielding a +0 trident
              (14 damage)
             ... on level 6 of the Dungeon.
             The game lasted 00:12:59 (6918 turns).

Mazout the Firebug (Demonspawn Fire Elementalist)   Turns: 6918, Time: 00:12:59

Health: -6/60      AC:  4    Str:  8    XL:     8   Next: 57%
Magic:  9/16       EV: 12    Int: 19    God:    Gozag
Gold:   621        SH:  0    Dex: 14    Spells: 11/18 levels left

rFire   . . .        C - +1 dagger (drain)
rCold   . . .        (no shield)
rNeg    . . .        E - +1 robe {Will+}
rPois   .            y - +0 helmet
rElec   .            (no cloak)
rCorr   .            (no gloves)
SInv    .            (no boots)
Will    +....        (no amulet)
Stlth   ++           F - ring of flight
HPRegen 0.30/turn    (no ring)
MPRegen 0.15/turn

%: no passive effects
@: gold aura, flying
A: claws 2, powered by pain 1, spiny 1
a: Renounce Religion, Potion Petition, Call Merchant, Bribe Branch


You were on level 6 of the Dungeon.
You worshipped Gozag.
Gozag was pleased with you.
You visited 1 branch of the dungeon, and saw 6 of its levels.

You collected 780 gold pieces.
You spent 92 gold pieces at shops.
You paid 67 gold pieces to Gozag.

Inventory:

Hand Weapons
 d - a +0 dagger
 l - a +0 short sword of draining
 C - a +1 dagger of draining (weapon)
Armour
 a - a +0 robe
 y - a +0 helmet (worn)
 z - the +0 kite shield "Wiemorodgh" {Will+}
   (You found it on level 4 of the Dungeon)

   Will+:     It increases your willpower.
 E - a +1 robe of willpower (worn)
Magical Staves
 r - a staff of air
Jewellery
 A - a ring of ice
 F - a ring of flight (left claw)
Talismans
 t - a maw talisman
 D - a serpent talisman
Wands
 b - a wand of polymorph (5)
 u - a wand of paralysis (9)
 H - a wand of iceblast (2)
Scrolls
 c - a scroll of acquirement {unknown}
 e - 2 scrolls of fog {unknown}
 f - 6 scrolls of identify {unknown}
 g - 2 scrolls of summoning {unknown}
 j - 3 scrolls of enchant weapon {unknown}
 k - 2 scrolls of teleportation {unknown}
 m - a scroll of silence {unknown}
 n - a scroll of revelation {unknown}
 o - 3 scrolls of amnesia {unknown}
 x - a scroll of vulnerability {unknown}
 B - 2 scrolls of blinking {unknown}
 G - a scroll of poison {unknown}
Potions
 h - a potion of enlightenment {unknown}
 i - a potion of lignification {unknown}
 p - a potion of berserk rage {unknown}
 q - 3 potions of heal wounds {unknown}
 s - a potion of resistance {unknown}
 v - a potion of cancellation {unknown}
 w - 2 potions of curing {unknown}


   Skills:
 + Level 3.9 Fighting
 - Level 1.7 Dodging
 - Level 1.7 Stealth
 * Level 5.6 Spellcasting
 * Level 5.6 Conjurations
 * Level 5.9 Fire Magic


You had 11 spell levels left.
You knew the following spells:

 Your Spells              Type           Power      Damage    Failure   Level
a - Foxfire               Conj/Fire      100%       2x1d9     1%          1
b - Scorch                Fire           54%        2d7       1%          2
c - Flame Wave            Conj/Fire      27%        2d9       11%         4

Your spell library contained the following spells:

 Spells                   Type           Power      Damage    Failure   Level
 Magic Dart               Conj           100%       1d8       1%          1
 Shock                    Conj/Air       64%        1d7       3%          1
 Inner Flame              Hex/Fire       16%        N/A       11%         3
 Volatile Blastmotes      Fire/Tloc      32%        2d12      11%         3
 Necrotise                Necr           20%        1d5       12%         1
 Sting                    Tmut/Pois      20%        1d4       12%         1
 Mephitic Cloud           Conj/Pois/Air  12%        N/A       16%         3
 Call Imp                 Summ           10%        N/A       19%         2
 Swiftness                Air            5%         N/A       34%         3
 Airstrike                Air            2%         2d(1-17)  75%         4


Dungeon Overview and Level Annotations

Branches:
Dungeon (6/15)             Temple (0/1) D:5

Altars:
Fedhas
Gozag
Makhleb
Wu Jian

Shops:
D:6 [


Innate Abilities, Weirdness & Mutations

You have very sharp fingernails.
You sometimes gain a little power by taking damage.
You are partially covered in sharp spines.


Message History

The orc warrior is severely wounded.
You hear a shout!
The orc warrior is struck by your spines.
The orc warrior hits you with a +0 trident!
An orc comes into view. It is wielding a +0 club.
Casting: Scorch (safe; 1% risk of failure)
Confirm with . or Enter, or press ? or * to list all spells.
Flames lash the orc.
The orc is almost dead.
The orc's fire resistance burns away.
The orc warrior hits you with a +0 trident!
You focus on the pain.
You feel your power returning.
An orc wizard comes into view. It is wielding a +0 dagger.
Casting: Scorch (safe; 1% risk of failure)
Confirm with . or Enter, or press ? or * to list all spells.
Flames lash the orc wizard.
The orc wizard is moderately wounded.
The orc wizard's fire resistance burns away.
An orc comes into view. It is wielding a +0 mace.
The orc warrior hits you from afar with a +0 trident!
* * * LOW HITPOINT WARNING * * *
The orc attacks as it pursues you! The orc closely misses you.
Casting: Scorch (safe; 1% risk of failure)
Confirm with . or Enter, or press ? or * to list all spells.
Flames lash the orc wizard.
The orc wizard is burned terribly!
You kill the orc wizard!
The orc is no longer more vulnerable to fire.
Casting: Scorch (safe; 1% risk of failure)
Confirm with . or Enter, or press ? or * to list all spells.
Flames lash the orc.
You kill the orc!
The orc warrior hits you from afar with a +0 trident.
* * * LOW HITPOINT WARNING * * *
Unknown command.
Casting: Scorch (safe; 1% risk of failure)
Confirm with . or Enter, or press ? or * to list all spells.
Flames lash the orc warrior but do no damage.
The orc warrior hits you from afar with a +0 trident!
You die...
Your body crumbles into a pile of gold.

##### ....# ....#
....###############
..................#
....#############.#
....# #oo.@.# ....#
#$##### [...# #.
##### #o #. ##


You could see an orc warrior (combustible) and an orc.

Vanquished Creatures
  Pikel (D:5)
  Sigmund (D:3)
  An ice beast (D:5)
  A sky beast (D:6)
  3 ogres
  Blork the orc (D:5)
  A scorpion (D:5)
  3 hounds
  3 iguanas (D:5)
  An orc wizard (D:6)
  Robin (D:4)
  3 gnolls (D:5)
  7 adders
  A shadow imp (D:6)
  2 ufetubi
  A worm (D:3)
  A dart slug (D:1)
  5 orcs
  3 ball pythons
  5 endoplasms
  6 giant cockroaches
  10 goblins
  7 hobgoblins
  4 jackals (D:5)
  4 quokkas
  3 bats
  2 frilled lizards
  8 kobolds
  6 rats
95 creatures vanquished.

Vanquished Creatures (others)
  378 foxfires
378 creatures vanquished.

Grand Total: 473 creatures vanquished

Notes
Turn   | Place    | Note
-------+----------+-------------------------------------------
     0 | D:1      | Mazout the Demonspawn Fire Elementalist began the quest for
                  | the Orb.
     0 | D:1      | Reached XP level 1. HP: 13/13 MP: 3/3
   248 | D:1      | Gained mutation: You are partially covered in sharp spines.
                  | [demonic ancestry]
   248 | D:1      | Reached XP level 2. HP: 15/19 MP: 0/5
  1589 | D:2      | Reached XP level 3. HP: 25/25 MP: 2/6
  1706 | D:2      | Learned a level 2 spell: Scorch
  1882 | D:2      | Reached skill level 1 in Fighting
  3161 | D:3      | Found a burning altar of Makhleb.
  3161 | D:3      | Found an opulent altar of Gozag.
  3237 | D:3      | Became a worshipper of Gozag Ym Sagoz the Greedy
  3408 | D:3      | Noticed Sigmund
  3414 | D:3      | Killed Sigmund
  3415 | D:3      | Gained mutation: You have sharp fingernails. [demonic
                  | ancestry]
  3415 | D:3      | Reached XP level 4. HP: 11/33 MP: 3/9
  3415 | D:3      | Reached XP level 5. HP: 12/38 MP: 3/10
  3716 | D:4      | Gained mutation: You sometimes gain a little power by
                  | taking damage. [demonic ancestry]
  3716 | D:4      | Reached XP level 6. HP: 32/44 MP: 11/11
  4068 | D:4      | Noticed Robin
  4098 | D:4      | Killed Robin
  4405 | D:4      | Identified the +0 kite shield "Wiemorodgh" {Will+}
  4586 | D:5      | Entered Level 5 of the Dungeon
  4586 | D:5      | Found a staircase to the Ecumenical Temple.
  4935 | D:5      | Noticed Pikel
  4951 | D:5      | Killed Pikel
  4952 | D:5      | Reached skill level 5 in Fire Magic
  4952 | D:5      | Reached XP level 7. HP: 19/52 MP: 6/14
  5457 | D:5      | Reached skill level 5 in Spellcasting
  5457 | D:5      | Gained mutation: You have very sharp fingernails. [demonic
                  | ancestry]
  5457 | D:5      | Reached XP level 8. HP: 58/58 MP: 6/15
  5464 | D:5      | Reached skill level 5 in Conjurations
  5618 | D:5      | Learned a level 4 spell: Flame Wave
  5884 | D:5      | Noticed Blork the orc
  5902 | D:5      | Killed Blork the orc
  5996 | D:5      | Got Vinicar's Introduction to Spellwork
  6379 | D:6      | Found Dekhaps's Antique Armour Shop.
  6405 | D:6      | Bought a runed robe for 92 gold pieces
  6642 | D:6      | Found an ornate altar of the Wu Jian Council.
  6643 | D:6      | Found a blossoming altar of Fedhas.
  6918 | D:6      | Mangled by an orc warrior

Illustrated notes

Levels and vault maps discovered:
D:1:      beargit_arrival_diablo_church, layout_basic
D:2:      layout_basic
D:3:      layout_loops_ring, gammafunk_temple_overflow_wave, uniq_sigmund
D:4:      layout_loops_ring, uniq_robin
D:5:      layout_basic, minmay_temple_entry_trees, uniq_pikel,
          uniq_blork_the_orc
D:6:      layout_basic, gammafunk_temple_overflow_statue, serial_shops, shop

Skill      XL: |  1  2  3  4  5  6  7  8 |
---------------+-------------------------+-----
Fire Magic     | 3 5 |  5.9
Fighting       | 1 2 3 |  3.9
Conjurations   | 3 4 5 |  5.6
Spellcasting   | 3 4 5 |  5.6
Dodging        | |  1.7
Stealth        | |  1.7

Action                     |  1- 3 |  4- 6 |  7- 9 || total
---------------------------+-------+-------+-------++-------
  Melee: Unarmed           |     7 |       |       ||     7
         Dagger            |     8 |       |     1 ||     9
         Short sword       |     7 |    19 |     6 ||    32
   Cast: Foxfire           |   125 |    45 |    61 ||   231
         Scorch            |     4 |    16 |    25 ||    45
    Use: Potion            |       |     1 |       ||     1
   Stab: Sleeping          |     2 |       |       ||     2
 Armour: Robe              |    16 |    21 |    13 ||    50
  Dodge: Dodged            |    18 |    20 |    13 ||    51

Table legend: (Time is in decaauts)
 A = Elapsed time spent in this place.
 B = Non-inter-level travel time spent in this place.
 C = Inter-level travel time spent in this place.
 D = Time resting spent in this place.
 E = Time spent auto-exploring this place.
 F = Levels seen in this place.
 G = Mean time per level.
                   A        B        C        D        E       F      G
               +--------+--------+--------+--------+--------+-----+--------+
         Total |   6914 |   6762 |    152 |      0 |   6010 |   6 | 1152.3 |
       Dungeon |   6914 |   6762 |    152 |      0 |   6010 |   6 | 1152.3 |
               +--------+--------+--------+--------+--------+-----+--------+

Top non-repeatable levels by time:
     D:5: 1728 daAuts
     D:1: 1390 daAuts
     D:2: 1101 daAuts
     D:3: 1069 daAuts
     D:4: 1022 daAuts
     D:6: 602 daAuts
